 Dungeon Crawl Stone Soup version 0.28-a0-850-g09de17f5b5 (webtiles) character file.

Game seed: 4182422670205693759

383 spiderkeys the Magician (level 6, -14/36 HPs)
             Began as a Deep Elf Abyssal Knight on Nov 14, 2021.
             Was a Believer of Lugonu.
             Demolished by Menkaure (23 damage)
             ... on level 3 of the Dungeon.
             The game lasted 00:13:06 (5699 turns).

spiderkeys the Magician (Deep Elf Abyssal Knight)   Turns: 5699, Time: 00:13:07

Health: -14/36     AC:  4    Str: 10    XL:     6   Next: 47%
Magic:  1/4        EV: 14    Int: 17    God:    Lugonu [**....]
Gold:   181        SH:  0    Dex: 21    Spells: 11/14 levels left

rFire   + . .      SeeInvis .   h - +1 dagger (antimagic)
rCold   + . .      Faith    .   (no shield)
rNeg    . . .      Spirit   .   q - +2 robe {rC+ rF+}
rPois   .          Reflect  .   (no helmet)
rElec   .          Harm     .   (no cloak)
rCorr   .          Rampage  .   (no gloves)
Will    .....                   (no boots)
Stlth   +++.......              (no amulet)
HPRegen 0.12/turn               D - +6 ring of dexterity
MPRegen 0.09/turn               (no ring)

@: no status effects
A: no striking features
a: Renounce Religion, Depart the Abyss, Bend Space


You were on level 3 of the Dungeon.
You worshipped Lugonu.
Lugonu was pleased with you.
You visited 1 branch of the dungeon, and saw 4 of its levels.
You visited the Abyss 1 time.

You collected 181 gold pieces.


   Skills:
 - Level 2.4 Fighting
 - Level 2.0 Short Blades
 - Level 0.7 Armour
 + Level 3.9 Dodging
 + Level 3.2 Stealth
 * Level 4.5 Spellcasting
 * Level 3.2 Conjurations
 + Level 3.4 Invocations


You had 11 spell levels left.
You knew the following spells:

 Your Spells              Type           Power      Damage    Failure   Level
m - Mephitic Cloud        Conj/Pois/Air  7%         N/A       28%         3

Your spell library contained the following spells:

 Spells                   Type           Power      Damage    Failure   Level
 Inner Flame              Hex/Fire       3%         N/A       41%         3
 Cause Fear               Hex            1%         N/A       83%         4
 Discord                  Hex            1%         N/A       100%        8

Inventory:

Hand Weapons
 a - a +1 short sword
 h - a +1 antimagic dagger (weapon)
   (You took it off a kobold on level 1 of the Dungeon)
Missiles
 e - 36 arrows
 f - 93 stones
 k - 16 bolts
Armour
 b - a +1 leather armour
 g - a +0 robe
   (You found it on level 1 of the Dungeon)
 q - a +2 robe of resistance (worn)
   (You took it off an orc wizard on level 3 of the Dungeon)
Jewellery
 D - a +6 ring of dexterity (left hand)
   (You found it on level 2 of the Dungeon)
Scrolls
 c - 2 scrolls of teleportation {@r4}
 d - 2 scrolls of fog {unknown}
 i - 2 scrolls of identify {@r1}
 n - a scroll of enchant armour
 o - a scroll of amnesia {unknown}
 p - a scroll of fear {unknown}
Potions
 j - a potion of brilliance
 l - a potion of invisibility {unknown}
 m - a potion of lignification {unknown}

Dungeon Overview and Level Annotations

Branches:
Dungeon (4/15)
 Temple: D:4-7

Altars:

Annotations:
D:3 Menkaure

######### #........
#........ #........
### #######.. #.#
#...##..
###°#########.#.####
#.)°M...............
###@#####.##....####
#.# #.....### #.#
###....# #.# #....#
#.# ###..#.#
#.#####....#.#####
#.......#..#......
####....#....#####
#.#..#.#.##


You could see Menkaure (fast).


Message History

You feel magic leave you.
h - a +1 antimagic dagger (weapon)
😨 MP[-4]
You aren't carrying any items that you can evoke.
Unknown command.
Ijyb is engulfed in noxious fumes.
Ijyb appears confused.
Menkaure calls on the powers of darkness!
Ijyb convulses!
The black bear convulses!
Your body is wracked with pain!
* * * LOW HITPOINT WARNING * * *
😨 HP[-7]
You take 7 damage, and now have 10/36 hp.
Unknown command.
There is a stone staircase leading up here.
You climb upwards.
There is a stone staircase leading down here.
You start resting.
Your magical contamination has completely faded away.
Unknown command.
You start resting. 😎 HP[+26]
Your hp is fully restored (36).
You climb downwards.
Level annotation: Ijyb, Menkaure Menkaure giggles, "These cerements are ticklish..."
There is a stone staircase leading up here.
Menkaure calls on the powers of darkness!
Ijyb convulses!
Your body is wracked with pain!
You climb upwards.
There is a stone staircase leading down here. 😮 HP[-17]
You take 17 damage, and now have 19/36 hp.
MASSIVE DAMAGE!! (PAUSE)
You start resting. 😎 HP[+17]
Your hp is fully restored (36).
You start removing your armour.
You continue taking off your +0 robe. x4
You finish taking off your +0 robe.
You start putting on your armour.
You continue putting on your +2 robe of resistance. x5
You finish putting on your +2 robe of resistance.
You feel resistant to extremes of temperature.
You climb downwards.
Level annotation: Ijyb, Menkaure
There is a stone staircase leading up here.
Ijyb barely misses you. Menkaure misses you.
You climb upwards.
There is a stone staircase leading down here.
You hit Ijyb. Ijyb misses you. Menkaure closely misses you.
You completely miss Menkaure. Ijyb hits you but does no damage.
Menkaure mumbles some strange words.
Menkaure seems to speed up.
You hit Menkaure.
Menkaure's magic leaks into the air.
Ijyb hits you with a +0 club. Menkaure hits you! 😮 HP[-11]
You take 11 damage, and now have 25/36 hp.
MASSIVE DAMAGE!! (PAUSE)
You hit Menkaure.
Menkaure's magic leaks into the air.
Menkaure calls on the powers of darkness!
Your body is wracked with pain!
* * * LOW HITPOINT WARNING * * *
Ijyb convulses!
Ijyb barely misses you. 😨 HP[-11]
You take 11 damage, and now have 14/36 hp.
MASSIVE DAMAGE!! (PAUSE) Menkaure screams, "Why can't you leave me to my rest?"
Menkaure gestures at you while chanting.
You struggle to resist.
Ijyb screams, "You nasty!
Big nasty!"
Ijyb zaps a wand.
You resist with some effort.
Casting: Mephitic Cloud (quite dangerous; 28% risk of failure)
Confirm with . or Enter, or press ? or * to list all spells.
The spell is quite dangerous to cast (28% risk of failure)!
Continue anyway?
Aiming: Mephitic Cloud (quite dangerous; 28% risk of failure)
Press: ? - help, Shift-Dir - straight line, f - Ijyb
Aim: Ijyb, wielding a +0 club, wearing a +0 leather armour and carrying a wand of paralysis (7) (heavily wounded, chance to affect: 86%)
The ball explodes into a vile cloud!
The stinking cloud engulfs Ijyb but does no damage.
The stinking cloud engulfs Menkaure but does no damage.
Menkaure calls on the powers of darkness!
Your body is wracked with pain!
* * * LOW HITPOINT WARNING * * *
Ijyb convulses!
Ijyb is engulfed in noxious fumes.
Ijyb appears confused. 😱 HP[-6] MP[-3]
You take 6 damage, and now have 8/36 hp.
You lost 3 mp, and now have 1/4 mp.
You hit Menkaure.
Menkaure's magic leaks into the air.
Menkaure barely misses you.
You barely miss Menkaure. Menkaure barely misses you.
Ijyb is engulfed in noxious fumes.
Ijyb appears confused.
Ijyb clutches her head and gibbers rapidly, swaying.
You catch the helpless Ijyb completely off-guard!
You puncture Ijyb!
You kill Ijyb!
Lugonu accepts your kill. Menkaure hits you!!
Ouch! That really hurt!
You die...

Skill      XL: |  1  2  3  4  5  6 |
---------------+-------------------+-----
Spellcasting   | 1 2 3 4 |  4.5
Stealth        | 1 2 3 |  3.2
Dodging        | 3 |  3.9
Conjurations   | 1 2 3 |  3.2
Invocations    | 3 |  3.4
Fighting       | |  2.4
Short Blades   | |  2.0
Armour         | |  0.7

Action                   |  1- 3 |  4- 6 || total
-------------------------+-------+-------++-------
Melee: Short sword       |    68 |   161 ||   229
       Dagger            |       |    12 ||    12
Throw: Stone             |       |     9 ||     9
 Cast: Mephitic Cloud    |     1 |    20 ||    21
Invok: Depart the Abyss  |     1 |       ||     1
  Use: Scroll            |     3 |       ||     3
       Potion            |       |     2 ||     2
 Stab: Sleeping          |     2 |     5 ||     7
       Confused          |     1 |    12 ||    13
Armor: Leather armour    |    32 |    16 ||    48
       Robe              |       |    11 ||    11
Dodge: Dodged            |    51 |   124 ||   175

Levels and vault maps discovered:
D:1:      arrival_zaba_pyramid, layout_basic,
          hellmonk_ecumenical_altar_slurped_away
D:2:      layout_basic, serial_park_tiny_pond, cheibrodos_gnoll_hut,
          uniq_terence, uniq_jessica
D:3:      layout_basic, minmay_misc_feat_columns, minmay_snake_closets
D:4:      layout_loops_ring, minmay_manual_monolith, uniq_ijyb, uniq_menkaure

Notes
Turn   | Place    | Note
-------+----------+-------------------------------------------
     0 | Abyss:1  | spiderkeys the Deep Elf Abyssal Knight began the quest for
                  | the Orb.
     0 | Abyss:1  | Reached XP level 1. HP: 13/13 MP: 4/4
     0 | Abyss:1  | magus.rc [v1.9.10]
     2 | Abyss:1  | Got the Incunabulum of Toxins
     4 | Abyss:1  | Noticed a deep elf sorcerer
     4 | Abyss:1  | You are cast deeper into the Abyss!
     4 | Abyss:2  | Found a corrupted altar of Lugonu.
    12 | Abyss:2  | You pick up a book of Hexes and begin reading...
    12 | Abyss:2  | You add the spells Inner Flame, Cause Fear and Discord to
                  | your library.
    28 | Abyss:2  | Noticed a daeva
    30 | Abyss:2  | HP: 1/13 [daeva/divine providence (12)]
    31 | D:1      | You pass through the gate.
    31 | D:1      | Escaped the Abyss
   694 | D:1      | Reached skill level 1 in Spellcasting
   837 | D:1      | Reached XP level 2. HP: 18/18 MP: 5/5
   906 | D:1      | Found a faded altar of an unknown god.
   912 | D:1      | Reached skill level 1 in Stealth
   999 | D:1      | Reached * piety under Lugonu
  1286 | D:1      | Reached skill level 2 in Spellcasting
  1286 | D:1      | Reached XP level 3. HP: 16/22 MP: 6/8
  1290 | D:1      | Learned a level 3 spell: Mephitic Cloud
  1466 | D:2      | Noticed a scorpion
  1723 | D:2      | Killed a scorpion
  1724 | D:2      | Reached skill level 3 in Dodging
  1724 | D:2      | Reached skill level 1 in Conjurations
  1724 | D:2      | Reached XP level 4. HP: 27/27 MP: 5/10
  1731 | D:2      | Reached skill level 3 in Spellcasting
  1823 | D:2      | Noticed Terence
  1878 | D:2      | Reached skill level 2 in Stealth
  1919 | D:2      | Noticed Jessica
  2606 | D:2      | Killed Terence
  2607 | D:2      | Reached skill level 2 in Conjurations
  2607 | D:2      | Reached XP level 5. HP: 24/31 MP: 7/12
  2628 | D:2      | Killed Jessica
  3147 | D:3      | Reached skill level 3 in Invocations
  3231 | D:3      | HP: 7/31 [poisoned by an adder]
  3235 | D:3      | HP: 3/31 [poisoned by an adder]
  3862 | D:3      | Reached skill level 4 in Spellcasting
  3872 | D:3      | Reached ** piety under Lugonu
  4038 | D:3      | Reached XP level 6. HP: 30/36 MP: 14/14
  4543 | D:3      | Reached skill level 3 in Stealth
  4850 | D:3      | Reached skill level 3 in Conjurations
  5306 | D:4      | Noticed Ijyb
  5307 | D:4      | Noticed Menkaure
  5696 | D:3      | HP: 8/36 [??? (6)]
  5699 | D:3      | Killed Ijyb
  5699 | D:3      | Demolished by Menkaure

Vanquished Creatures
  A scorpion (D:2)
  An orc priest (D:3)
  Jessica (D:2)
  Ijyb (D:3)
  Terence (D:2)
  An orc wizard (D:3)
  2 gnolls
  15 adders
  A worm (D:2)
  7 orcs (D:3)
  4 bats
  An endoplasm (D:1)
  5 giant cockroaches
  3 goblins
  2 hobgoblins
  2 jackals (D:2)
  9 ball pythons
  A frilled lizard (D:3)
  9 kobolds
  2 rats
69 creatures vanquished.

Table legend:
 A = Non-vault XP
 B = Vault XP
 C = Vault XP percentage of total XP
 D = Non-vault monster count
 E = Vault monster count
 F = Vault count percentage of total count
                 A         B        C        D         E       F
            +---------+---------+-------+---------+---------+-------
      Total |     305 |     259 |  45.9 |      50 |      19 |  27.5
            +---------+---------+-------+---------+---------+-------
        D:1 |      39 |       2 |   4.9 |      16 |       1 |   5.9
        D:2 |     115 |      91 |  44.2 |      13 |       5 |  27.8
        D:3 |     138 |     166 |  54.6 |      20 |      13 |  39.4
        D:4 |      13 |       0 |   0.0 |       1 |       0 |   0.0
            +---------+---------+-------+---------+---------+-------

Illustrated notes

Table legend:
 A = Kills in this place as a percentage of kills in entire the game.
 B = Kills by you in this place as a percentage of kills by you in the entire game.
 C = Kills by friends in this place as a percentage of kills by friends in the entire game.
 D = Other kills in this place as a percentage of other kills in the entire game.
 E = Experience gained in this place as a percentage of experience gained in the entire game.
 F = Experience gained in this place divided by the number of levels of this place that you have seen.
                   A       B       C       D       E      F
               +-------+-------+-------+-------+-------+----------------------
         Total | 100.0 | 100.0 |   N/A | 100.0 | 100.0 |  94.0
       Dungeon | 100.0 | 100.0 |   N/A | 100.0 | 100.0 | 141.0
               +-------+-------+-------+-------+-------+----------------------

Table legend: (Time is in decaauts)
 A = Elapsed time spent in this place.
 B = Non-inter-level travel time spent in this place.
 C = Inter-level travel time spent in this place.
 D = Time resting spent in this place.
 E = Time spent auto-exploring this place.
 F = Levels seen in this place.
 G = Mean time per level.
                   A        B        C        D        E       F      G
               +--------+--------+--------+--------+--------+-----+--------+
         Total |   5712 |   5518 |    194 |   1872 |   2505 |   6 |  952.0 |
       Dungeon |   5681 |   5487 |    194 |   1872 |   2503 |   4 | 1420.2 |
         Abyss |     30 |     30 |      0 |      0 |      2 |   2 |   15.0 |
               +--------+--------+--------+--------+--------+-----+--------+

Top non-repeatable levels by time:
     D:3: 2580 daAuts
     D:1: 1561 daAuts
     D:2: 1502 daAuts
     D:4: 37 daAuts
 Abyss:2: 26 daAuts
 Abyss:1: 4 daAuts
